 Dungeon Crawl Stone Soup version 0.17.0-28-g6e173f8 (webtiles) character file.

20384 4thArraOfDagon the Severer (level 12, -6/106 HPs)
             Began as a Minotaur Berserker on Nov 23, 2015.
             Was an Elder of Trog.
             Mangled by a death yak (11 damage)
             ... on level 8 of the Lair of Beasts.
             The game lasted 00:16:53 (2626 turns).

4thArraOfDagon the Severer (Minotaur Berserker)     Turns: 2626, Time: 00:16:53

Health: -6/106     AC: 16    Str: 22    XL:     12   Next: 44%
Magic:  11/11      EV:  7    Int:  6    God:    Trog [****..]
Gold:   127        SH: 14    Dex: 11    Spells: 0 memorised, 11 levels left

rFire  . . .     SeeInvis .     s - +0 broad axe
rCold  . . .     Clarity  .     t - +0 plate armour
rNeg   . . .     SustAt   .     x - +2 shield
rPois  .         Gourm    .     (helmet restricted)
rElec  .         Spirit   .     c - +0 cloak
rCorr  .         Warding  .     (no gloves)
rMut   .         Stasis   .     (no boots)
MR     +....                    i - amulet of faith
Stlth  ..........               C - ring of loudness (curse)
                                p - ring of protection from magic

@: exhausted, slowed, very slow, somewhat resistant to hostile enchantments,
extremely unstealthy
A: retaliatory headbutt, horns 2, deterioration 1, dopey 1, screaming 1, subdued
magic 1
a: Berserk, Trog's Hand, Brothers in Arms, Burn Spellbooks, Renounce Religion


You were on level 8 of the Lair of Beasts.
You worshipped Trog.
Trog was greatly pleased with you.
You were near starving.

You visited 2 branches of the dungeon, and saw 20 of its levels.

You collected 127 gold pieces.

Inventory:

Hand Weapons
 s - a +0 broad axe (weapon)
 G - a +1 morningstar of holy wrath
Armour
 c - a +0 cloak (worn)
 t - a +0 plate armour (worn)
 x - a +2 shield (worn)
Jewellery
 a - an uncursed amulet of the gourmand
 i - an amulet of faith (around neck)
 p - a ring of protection from magic (left hand)
 C - a cursed ring of loudness (right hand)
Wands
 b - a wand of lightning (0)
 A - a wand of frost (22)
 D - a wand of random effects (24)
Scrolls
 e - 2 scrolls of amnesia
 f - 2 scrolls of recharging {unknown}
 k - a scroll of noise {unknown}
 l - 2 scrolls of random uselessness
 q - 4 scrolls of remove curse {unknown}
 v - a scroll of immolation {unknown}
 w - 2 scrolls of fog
Potions
 d - a potion of invisibility {unknown}
 j - a potion of cure mutation {unknown}
 n - 2 potions of heal wounds {unknown}
 u - a potion of resistance {unknown}
 B - a potion of agility
 E - 2 potions of flight
 F - a potion of curing
Books
 o - a book of Envenomations

   Spells                             Type                      Level
   a - Spider Form                    Transmutation/Poison         3
   b - Alistair's Intoxication        Transmutation/Poison         4
   c - Olgreb's Toxic Radiance        Poison                       4
   d - Poisonous Cloud                Conjuration/Poison/Air       6
   Trog disapproves of the use of such an item.
 y - a book of Changes

   Spells                             Type                      Level
   a - Beastly Appendage              Transmutation                1
   b - Sticks to Snakes               Transmutation                2
   c - Spider Form                    Transmutation/Poison         3
   d - Ice Form                       Ice/Transmutation            4
   e - Blade Hands                    Transmutation                5
   Trog disapproves of the use of such an item.
Comestibles
 g - 10 chunks of flesh
 h - 2 meat rations
 r - a bread ration
 z - a royal jelly


   Skills:
 - Level 10.0 Fighting
 * Level 16.0 Axes
 + Level 11.7 Armour
 - Level 2.1 Dodging
 * Level 11.1 Shields


You had 11 spell levels left.
You didn't know any spells.

Dungeon Overview and Level Annotations

Branches:
Dungeon (12/15)              Lair (8/8) D:11
 Temple: D:4-7        Swamp: Lair:3-6    Shoals: Lair:3-6     Snake: Lair:3-6
 Spider: Lair:3-6     Slime: Lair:6-8       Orc: D:9-12

Altars:
Qazlal
Ru
Vehumet

Annotations:
D:6 exclusion: upstairs
D:9 Maurice
Lair:2 exclusion: upstairs
Lair:4 SWAM{
Lair:7 exclusion: oklob plant


Innate Abilities, Weirdness & Mutations

You reflexively headbutt those who attack you in melee.
You have a pair of horns on your head.
Your body sometimes deteriorates upon taking damage.
You are dopey. (Int -2)
You occasionally shout uncontrollably at your foes.
Your spells are a little easier to cast, but a little less powerful.


Message History

You are exhausted.
You feel yourself slow down.
You are near starving!
You block the death yak's attack.
Unknown command.
Unknown command.
Read which item? (? for menu, Esc to quit)
Okay, then.
Read which item? (? for menu, Esc to quit)
As you read the scroll of fear, it crumbles to dust.
You assume a fearsome visage.
The wolf looks frightened!
The death yak resists with some effort.
The death yak resists with almost no effort.
Your skin stops crawling.
You feel less resistant to hostile enchantments.
The death yak gores you!
* * * LOW HITPOINT WARNING * * *
The death yak gores you but does no damage.
The death yak gores you!
You die...

......#...⌠.≈.≈.......≈≈≈.⌠....
....#.P..%.....................
...#..P...............†.†!.....
....##P......PP................
....#P.....PPP.................
...............................
...............................
.PP........h...)†Y.............
.P.#.#..........@†.............
.................Y............
...#..........................
....#...................#...
...###......h..........##..
....##...÷..............#
.....##...†............##
...######......P........
..####...........(.....


You could see 2 death yaks and 2 wolves.

Vanquished Creatures
  Erolcha (D:9)
  10 death yaks
  Psyche (D:9)
  A black mamba (Lair:3)
  2 spiny frogs
  A fire drake (D:11)
  3 polar bears (Lair:8)
  A blue devil (Lair:8)
  A blink frog (Lair:5)
  14 yaks
  2 spriggans (Lair:8)
  A steam dragon (D:10)
  4 hippogriffs
  A basilisk (Lair:5)
  12 wolves (Lair:8)
  An eye of draining (D:10)
  6 porcupines
  2 sky beasts (D:10)
  7 water moccasins
  2 black bears
  3 ogres
  An orc warrior (D:8)
  6 ice beasts
  2 centaurs
  A necrophage (D:8)
  2 crocodiles
  7 giant frogs
  10 killer bees (D:9)
  A crimson imp (D:9)
  2 quasits
  5 wights (D:9)
  3 hounds
  2 orc priests
  A centaur skeleton (D:10)
  An iguana (D:10)
  3 orc wizards
  2 jellies
  3 worker ants
  8 sheep (Lair:4)
  A worker ant zombie (D:9)
  3 adders
  3 shadow imps
  A white imp (Lair:8)
  37 river rats
  19 orcs
  3 giant cockroaches
  2 goblins (D:3)
  5 jackals (D:10)
  2 kobolds
  A quokka (D:10)
  2 bats (D:3)
  A giant gecko (D:3)
  A quokka skeleton (D:9)
  A rat (D:3)
  A fungus (Lair:5)
219 creatures vanquished.

Vanquished Creatures (collateral kills)
  Rupert (Lair:3)
  A komodo dragon (Lair:3)
2 creatures vanquished.

Grand Total: 221 creatures vanquished

Notes
Turn   | Place    | Note
--------------------------------------------------------------
     0 | D:1      | 4thArraOfDagon the Minotaur Berserker began the quest for the Orb.
     0 | D:1      | Reached XP level 1. HP: 19/19 MP: 0/0
   121 | D:3      | Found a sacrificial altar of Ru.
   127 | D:3      | Noticed an orc wizard
   136 | D:3      | Reached skill level 4 in Axes
   136 | D:3      | Reached XP level 2. HP: 12/27 MP: 1/1
   140 | D:3      | Killed an orc wizard
   140 | D:3      | Reached XP level 3. HP: 23/33 MP: 2/2
   174 | D:4      | Noticed an ogre
   174 | D:4      | Noticed an ogre
   192 | D:4      | Reached skill level 5 in Axes
   192 | D:4      | Reached XP level 4. HP: 21/41 MP: 3/3
   198 | D:4      | Reached ** piety under Trog
   200 | D:4      | Killed an ogre
   200 | D:4      | Reached XP level 5. HP: 20/47 MP: 4/4
   202 | D:4      | Killed an ogre
   202 | D:4      | Reached skill level 5 in Fighting
   202 | D:4      | Reached skill level 6 in Axes
   207 | D:4      | Reached XP level 6. HP: 8/56 MP: 5/5
   351 | D:5      | Entered Level 5 of the Dungeon
   370 | D:5      | Found a radiant altar of Vehumet.
   517 | D:6      | Reached skill level 7 in Axes
   543 | D:6      | Reached XP level 7. HP: 59/62 MP: 6/6
   710 | D:7      | Reached skill level 5 in Armour
   756 | D:8      | Reached skill level 8 in Axes
   871 | D:8      | Reached XP level 8. HP: 66/71 MP: 7/7
   885 | D:9      | Noticed Psyche
   892 | D:9      | Paralysed by Psyche for 6 turns
   911 | D:9      | Killed Psyche
   911 | D:9      | Reached skill level 9 in Axes
   964 | D:9      | Reached skill level 10 in Axes
   978 | D:9      | Reached XP level 9. HP: 70/81 MP: 8/8
  1003 | D:9      | Noticed Erolcha
  1019 | D:9      | Killed Erolcha
  1019 | D:9      | Reached skill level 11 in Axes
  1036 | D:9      | Noticed Maurice
  1046 | D:10     | Entered Level 10 of the Dungeon
  1093 | D:10     | Reached skill level 12 in Axes
  1117 | D:10     | Reached *** piety under Trog
  1134 | D:9      | Reached XP level 10. HP: 85/91 MP: 4/9
  1151 | D:10     | Gained mutation: Your body sometimes deteriorates upon taking damage. [mutagenic meat]
  1152 | D:10     | Gained mutation: You occasionally shout uncontrollably at your foes. [mutagenic meat]
  1153 | D:10     | Gained mutation: Your spells are a little easier to cast, but a little less powerful. [mutagenic meat]
  1154 | D:10     | Gained mutation: You are dopey. (Int -2) [mutagenic meat]
  1268 | D:11     | Found a staircase to the Lair.
  1469 | Lair:1   | Entered Level 1 of the Lair of Beasts
  1478 | Lair:1   | Reached skill level 1 in Shields
  1525 | Lair:1   | Reached skill level 13 in Axes
  1680 | Lair:2   | Reached skill level 10 in Fighting
  1783 | Lair:2   | Reached **** piety under Trog
  1831 | Lair:3   | Noticed Rupert
  1835 | Lair:3   | Noticed a black mamba
  1841 | Lair:3   | Killed Rupert
  1841 | Lair:3   | Reached skill level 5 in Shields
  1842 | Lair:3   | Reached skill level 10 in Armour
  1843 | Lair:3   | Killed a black mamba
  1843 | Lair:3   | Reached XP level 11. HP: 94/99 MP: 10/10
  1851 | Lair:3   | tjx for weapon
  1945 | Lair:4   | Reached skill level 14 in Axes
  1966 | Lair:4   | Noticed a swamp dragon
  2029 | Lair:5   | Noticed a five-headed hydra
  2065 | Lair:6   | Reached ***** piety under Trog
  2080 | Lair:5   | Noticed a death yak
  2080 | Lair:5   | Noticed a death yak
  2080 | Lair:5   | Noticed a death yak
  2080 | Lair:5   | Noticed a death yak
  2080 | Lair:5   | Noticed a death yak
  2081 | Lair:5   | Noticed a death yak
  2104 | Lair:5   | Killed a death yak
  2107 | Lair:5   | Killed a death yak
  2110 | Lair:5   | Killed a death yak
  2112 | Lair:5   | Killed a death yak
  2119 | Lair:5   | HP: 1/99 [death yak (13)]
  2172 | Lair:5   | Killed a death yak
  2172 | Lair:5   | Killed a death yak
  2172 | Lair:5   | Reached skill level 15 in Axes
  2356 | Lair:7   | Found a stormy altar of Qazlal.
  2360 | Lair:7   | Noticed a seven-headed hydra
  2364 | Lair:8   | Entered Level 8 of the Lair of Beasts
  2460 | Lair:8   | Reached XP level 12. HP: 96/106 MP: 11/11
  2496 | Lair:8   | Received a gift from Trog
  2519 | Lair:8   | thx for weapon
  2548 | Lair:8   | Reached skill level 10 in Shields
  2590 | Lair:8   | Noticed a death yak
  2592 | Lair:8   | Noticed a death yak
  2592 | Lair:8   | Noticed a death yak
  2593 | Lair:8   | Noticed a death yak
  2593 | Lair:8   | Noticed a death yak
  2595 | Lair:8   | Noticed a death yak
  2610 | Lair:8   | Killed a death yak
  2620 | Lair:8   | Killed a death yak
  2623 | Lair:8   | Killed a death yak
  2625 | Lair:8   | Killed a death yak
  2625 | Lair:8   | Reached skill level 16 in Axes
  2626 | Lair:8   | HP: 5/106 [death yak (16)]
  2626 | Lair:8   | Mangled by a death yak

Action                   |  1- 3 |  4- 6 |  7- 9 | 10-12 || total
-------------------------+-------+-------+-------+-------++-------
Melee: Hand axe          |    16 |    47 |    40 |       ||   103
       Broad axe         |       |       |   111 |   308 ||   419
Invok: Berserk           |     3 |     3 |     7 |    14 ||    27
       Trog's Hand       |       |     4 |     9 |    18 ||    31
       Brothers in Arms  |       |       |       |     1 ||     1
Evoke: Wand              |       |       |     3 |     1 ||     4
  Use: Potion            |     3 |       |     1 |     1 ||     5
       Scroll            |     1 |       |       |    12 ||    13
  Eat: Chunk             |       |     3 |     6 |    24 ||    33
       Bread ration      |       |     1 |       |       ||     1
       Fruit             |       |       |     3 |       ||     3
       Royal jelly       |       |       |       |     1 ||     1
